 Dungeon Crawl Stone Soup version 0.22-a0-348-gd16d139 (webtiles) character file.

15732 Amnesiac the Thaumaturge (level 12, -16/91 HPs)
             Began as a Mummy Wizard on Apr 10, 2018.
             Was an Initiate of Gozag.
             Demolished by an orc warrior
             ... wielding a +0 trident
              (18 damage)
             ... on level 1 of the Orcish Mines.
             The game lasted 00:41:24 (16673 turns).

Amnesiac the Thaumaturge (Mummy Wizard)            Turns: 16673, Time: 00:41:24

Health: -16/91     AC: 10    Str: 11    XL:     12   Next: 3%
Magic:  0/27       EV: 15    Int: 26    God:    Gozag
Gold:   3112       SH:  0    Dex: 12    Spells: 17/34 levels left

rFire    . . .     SeeInvis .   u - +8 spear of Risk Management {pierce, rF+ Int+4 Dex+2}
rCold    + . .     Gourm    .   (no shield)
rNeg     + + +     Faith    .   d - +3 leather armour
rPois    ∞         Spirit   +   C - +1 helmet
rElec    .         Reflect  .   (no cloak)
rCorr    .         Harm     .   s - +0 pair of gloves
MR       ++...                  y - +0 pair of boots
Stlth    +.........             k - amulet of guardian spirit
HPRegen  0.25/turn              p - ring of wizardry
MPRegen  0.20/turn              x - ring of protection from magic

@: no status effects
A: no food or potions, fire vulnerability, cold resistance 1, negative energy
resistance 3, torment resistance, unbreathing
a: Potion Petition, Call Merchant, Bribe Branch, Renounce Religion


You were on level 1 of the Orcish Mines.
You worshipped Gozag.
Gozag was most pleased with you.
You were not hungry.

You visited 3 branches of the dungeon, and saw 14 of its levels.
You also visited: Sewer and Bailey.

You collected 3190 gold pieces.
You paid 78 gold pieces to Gozag.

Inventory:

Hand Weapons
 b - a +3 hunting sling
 u - the +8 spear of Risk Management (weapon) {pierce, rF+ Int+4 Dex+2}
   (You found it on level 5 of the Dungeon)

   It inflicts extra damage upon your enemies.
   It affects your intelligence (+4).
   It affects your dexterity (+2).
   It protects you from fire.
 A - a +2 demon trident
 G - a +2 halberd of electrocution
Missiles
 h - 6 needles of paralysis
 i - 17 poisoned needles
 n - 253 stones (quivered)
 o - 62 sling bullets
 H - 65 tomahawks of returning
Armour
 d - a +3 leather armour (worn)
 s - a +0 pair of gloves (worn)
 y - a +0 pair of boots (worn)
 C - a +1 helmet (worn)
Magical Staves
 z - an uncursed staff of energy
Jewellery
 k - an amulet of guardian spirit (around neck)
 p - a ring of wizardry (left hand)
 x - a ring of protection from magic (right hand)
 B - an uncursed ring of resist corrosion
 D - an uncursed ring of wizardry
Wands
 f - a wand of paralysis (7)
 l - a wand of flame (74)
Scrolls
 c - 4 scrolls of enchant armour {!r}
 e - 3 scrolls of blinking {!r}
 j - 3 scrolls of teleportation {!r}
 m - a scroll of enchant weapon {!r}
 q - 2 scrolls of fear {!r}
 r - 5 scrolls of remove curse {!r}
 t - 2 scrolls of fog {!r}
 v - a scroll of immolation {!r}
 w - 9 scrolls of identify {!r}
 E - a scroll of acquirement {!r}


   Skills:
 - Level 7.0 Fighting
 - Level 7.0 Dodging
 - Level 1.5 Stealth
 + Level 11.5 Spellcasting
 * Level 11.5 Conjurations
 - Level 0.7 Summonings
 - Level 0.7 Translocations


You had 17 spell levels left.
You knew the following spells:

 Your Spells              Type           Power        Failure   Level  Hunger
a - Dazzling Spray        Conj/Hex       #####.       1%          3    N/A
b - Call Imp              Summ           ###.....     2%          2    N/A
c - Summon Lightning Spi  Summ/Air       ###.....     17%         4    N/A
e - Mephitic Cloud        Conj/Pois/Air  ####....     1%          3    N/A
s - Conjure Flame         Conj/Fire      #####...     1%          3    N/A
v - Blink                 Tloc           N/A          2%          2    N/A

Dungeon Overview and Level Annotations

Branches:
Dungeon (11/15)            Temple (1/1) D:5             Orc (2/2) D:9
    Elf (0/3) Orc:2
   Lair: D:8-11

Altars:
Ashenzari
Cheibriados
Dithmenos
Elyvilon
Fedhas
Gozag
Hepliaklqana
Kikubaaqudgha
Makhleb
Nemelex Xobeh
Okawaru
Qazlal
Ru
Sif Muna
Trog
Uskayaw
Vehumet
Wu Jian
Xom
Yredelemnul
Zin
The Shining One
Beogh

Shops:
D:4 :   D:9 :   Orc:1 (


Innate Abilities, Weirdness & Mutations

You do not eat or drink.
Your flesh is vulnerable to fire.
You are immune to poison.
Your flesh is cold resistant. (rC+)
You are immune to negative energy. (rN+++)
You are immune to unholy pain and torment.
You can survive without breathing.


Message History

Evoke which item? (* to show all) (? for menu, Esc to quit)
Aiming: Paralyse
Press: ? - help, Shift-Dir - straight line, f/p - orc knight
Aim: an orc knight, wielding a battleaxe and wearing a chain mail (heavily wounded, chance to defeat MR: 28%)
The orc knight suddenly stops moving!
The orc warrior is distracted by the nearby gold.
The helpless orc knight fails to defend itself.
You hit the orc knight but do no damage.
The orc knight is heavily wounded.
The orc warrior no longer looks unusually strong.
The orc hits your lightning spire but does no damage.
Your lightning spire shoots out a bolt of lightning at the orc!
The bolt of electricity hits the orc.
The orc dies!
The orc warrior shouts!
What are your orders? t - Shout!
Orders for allies: a - Attack new target. p - Attack previous target. r - Retreat! s - Stop attacking. g - Guard the area. f - Follow me.
Anything else - Cancel.
Gang up on whom?
Press: ? - help, Dir - move target cursor, f/p - orc knight
Aim: an orc knight, wielding a battleaxe and wearing a chain mail (heavily wounded, paralysed) Attack!
Your lightning spire disappears in a puff of smoke!
The orc warrior is no longer paralysed.
The orc warrior is no longer distracted by gold.
The orc warrior hits you but does no damage.
Things that are here:
8 gold pieces; a scimitar; a plate armour The orc warrior hits you from afar with a trident.
* * * LOW HITPOINT WARNING * * *
You see here 18 gold pieces.
The orc warrior seems less confused.
You see here a large rock.
The orc warrior is distracted by the nearby gold.
An orc comes into view. It is wielding a mace.
The orc shouts!
You hear a shout! x2
An orc comes into view. It is wielding a mace.
An orc knight comes into view. It is wielding a battleaxe.
The orc knight roars a battlecry!
The orcs go into a battle-frenzy!
You hear a shout!
You hear a shout! x2
There is a stone staircase leading up here.
The orc warrior no longer looks unusually strong.
The orc knight roars a battlecry!
The orc warrior goes into a battle-frenzy!
The orc knight no longer looks unusually strong.
The orc warrior hits you with a trident!!
* * * LOW HITPOINT WARNING * * *
The orc knight roars a battlecry!
The orc knight goes into a battle-frenzy!
There is a stone staircase leading up here.
The orc warrior misses you.
The orc knight hits you with a battleaxe!!
* * * LOW HITPOINT WARNING * * *
You climb upwards.
There is a stone staircase leading down here.
Unknown command.
The orc warrior hits you from afar with a trident!!
You die...
Your body crumbles into a pile of gold.

##.## #...##....## #...#
###...#.^....#
#####.######.#...##.#...##
##.#....##.#............#.##
#.................#........#
##.........................##
##.........#.....#...#.....#
#...)#.###........#.....#.##
##.######......@.......####
### ##....>.........#
#.)...oo..###..##
##..##....##.###
#...##.......# ##.####..##.##
### #######


You could see an orc knight and an orc warrior.

Vanquished Creatures
  A two-headed ogre (Orc:1)
  Urug (D:10)
  5 skeletal warriors (D:10)
  A deep elf mage (D:10)
  A hornet (D:10)
  4 trolls
  3 hippogriffs
  A spriggan (D:8)
  A wyvern (D:9)
  Eustachio (D:5)
  15 yaks
  A wraith (D:10)
  2 hungry ghosts (D:10)
  Grum (D:8)
  6 wargs
  An acid dragon (D:11)
  A water moccasin (D:10)
  2 porcupines (D:11)
  An ice beast (D:8)
  A sky beast (D:10)
  12 orc warriors
  A phantom (D:10)
  A necrophage (D:10)
  7 ogres
  3 wolves (D:8)
  A centaur (D:7)
  3 big kobolds (Sewer)
  6 bullfrogs
  A gnoll sergeant (D:8)
  3 scorpions
  6 killer bees (D:8)
  8 wights
  A howler monkey (D:9)
  6 crimson imps
  5 hounds
  A jelly (D:10)
  13 orc priests
  A bullfrog skeleton (D:11)
  4 centaur skeletons
  2 iguanas
  8 orc wizards
  10 worker ants
  A hound zombie (D:5)
  A hound skeleton (D:4)
  2 worker ant zombies
  17 gnolls
  7 adders
  A howler monkey skeleton (D:2)
  2 river rats (Sewer)
  2 shadow imps
  An ooze (D:3)
  6 worms
  2 dart slugs (D:1)
  5 leopard geckos
  53 orcs
  2 ball pythons
  6 bats
  7 giant cockroaches
  7 goblins
  18 hobgoblins
  6 jackals
  4 quokkas
  6 frilled lizards
  15 kobolds
  13 rats
337 creatures vanquished.

Vanquished Creatures (collateral kills)
  A quasit (D:3)
  3 adders
  A worm (D:3)
  A leopard gecko (D:1)
  An orc (Orc:2)
  A goblin (D:1)
  2 hobgoblins
  A quokka (D:5)
11 creatures vanquished.

Vanquished Creatures (others)
  3 fungi (D:11)
  9 plants (D:11)
  4 toadstools (D:1)
16 creatures vanquished.

Grand Total: 364 creatures vanquished

Notes
Turn   | Place    | Note
-------+----------+-------------------------------------------
     0 | D:1      | Amnesiac the Mummy Wizard began the quest for the Orb.
     0 | D:1      | Reached XP level 1. HP: 13/13 MP: 5/5
     7 | D:1      | Reached skill level 1 in Conjurations
   128 | D:1      | Reached XP level 2. HP: 20/20 MP: 1/7
   132 | D:1      | Learned a level 2 spell: Blink
   135 | D:1      | Learned a level 2 spell: Call Imp
   586 | D:1      | Reached skill level 1 in Fighting
   814 | D:1      | Reached XP level 3. HP: 13/26 MP: 0/8
  1110 | D:1      | Learned a level 3 spell: Mephitic Cloud
  1554 | D:4      | HP: 1/26 [leopard gecko (3)]
  2052 | D:3      | Reached XP level 4. HP: 32/32 MP: 1/10
  2069 | D:3      | Learned a level 3 spell: Conjure Flame
  2785 | D:4      | Found a radiant altar of Vehumet.
  2948 | D:4      | Reached XP level 5. HP: 34/38 MP: 7/11
  3512 | D:4      | Noticed an ogre
  3520 | D:4      | Killed an ogre
  3570 | D:3      | Reached XP level 6. HP: 23/46 MP: 4/12
  3751 | D:4      | Found a glowing golden altar of the Shining One.
  3752 | D:4      | Found a hide-covered altar of Uskayaw.
  4061 | D:4      | Noticed a hand axe
  4063 | D:4      | Noticed a dagger
  4096 | D:5      | Entered Level 5 of the Dungeon
  4217 | D:5      | Reached XP level 7. HP: 18/52 MP: 4/13
  4281 | D:5      | Found a staircase to the Ecumenical Temple.
  4290 | Temple   | Entered the Ecumenical Temple
  4321 | Temple   | Became a worshipper of Gozag Ym Sagoz the Greedy
  4610 | D:5      | Found a sacrificial altar of Ru.
  4668 | D:5      | Reached skill level 5 in Dodging
  4693 | D:5      | Found a glowing drain.
  4707 | Sewer    | Entered a sewer
  5037 | D:5      | Reached XP level 8. HP: 59/61 MP: 14/14
  5079 | D:5      | Learned a level 3 spell: Dazzling Spray
  5143 | D:5      | Got a scorched spear
  5389 | D:4      | Found Ryjafer's Book Emporium.
  5959 | D:2      | Found a white marble altar of Elyvilon.
  6137 | D:2      | Found a shimmering altar of Xom.
  7041 | D:6      | Reached skill level 5 in Fighting
  7265 | D:6      | Noticed Eustachio
  7379 | D:5      | Identified the +8 spear of Risk Management {pierce, rF+ Int+4 Dex+2} (You found it on level 5 of the Dungeon)
  7388 | D:5      | Killed Eustachio
  8626 | D:7      | Noticed a hippogriff
  8655 | D:7      | Killed a hippogriff
  8811 | D:7      | Reached XP level 9. HP: 57/72 MP: 12/15
  8848 | D:7      | Found a blossoming altar of Fedhas.
  8848 | D:7      | Found a glowing golden altar of the Shining One.
  9617 | D:8      | Noticed Grum
  9628 | D:8      | Killed Grum
  9666 | D:8      | Reached skill level 5 in Spellcasting
  9666 | D:8      | Reached skill level 5 in Conjurations
 10561 | D:8      | Found a sparkling altar of Nemelex Xobeh.
 10643 | D:8      | Found a snail-covered altar of Cheibriados.
 10875 | D:4      | Learned a level 4 spell: Summon Lightning Spire
 10978 | D:9      | Noticed a moth of wrath
 10981 | D:9      | Found a bloodstained altar of Trog.
 11195 | D:9      | Reached XP level 10. HP: 68/79 MP: 8/20
 11254 | D:9      | Found Taix's Book Emporium.
 11613 | D:9      | Found a staircase to the Orcish Mines.
 11614 | D:9      | Identified a scroll of acquirement {!r}
 11770 | D:9      | Found a glowing silver altar of Zin.
 11938 | D:10     | Entered Level 10 of the Dungeon
 12192 | D:10     | Noticed a skeletal warrior
 12233 | D:10     | Killed a skeletal warrior
 12565 | D:10     | Noticed a deep elf mage
 12586 | D:10     | Killed a deep elf mage
 12907 | D:10     | Reached XP level 11. HP: 84/84 MP: 24/24
 13104 | D:10     | Noticed a skeletal warrior
 13104 | D:10     | Noticed a skeletal warrior
 13104 | D:10     | Noticed a skeletal warrior
 13126 | D:10     | Killed a skeletal warrior
 13127 | D:10     | Noticed a skeletal warrior
 13436 | D:10     | Killed a skeletal warrior
 13436 | D:10     | Reached skill level 10 in Spellcasting
 13717 | D:10     | Killed a skeletal warrior
 13717 | D:10     | Reached skill level 10 in Conjurations
 14075 | D:10     | Killed a skeletal warrior
 14126 | D:10     | Noticed Urug
 14144 | D:10     | Killed Urug
 14675 | Orc:1    | Entered Level 1 of the Orcish Mines
 14692 | Orc:1    | Found Zuwet's Antique Weapon Emporium.
 14698 | Orc:2    | Entered Level 2 of the Orcish Mines
 14699 | Orc:2    | Found a staircase to the Elven Halls.
 14722 | Orc:1    | Found a flagged portal.
 14738 | Bailey   | Entered a bailey
 16001 | Orc:1    | Found a roughly hewn altar of Beogh.
 16314 | Orc:1    | Noticed a two-headed ogre
 16333 | Orc:1    | Killed a two-headed ogre
 16544 | Orc:2    | Reached XP level 12. HP: 81/91 MP: 21/27
 16671 | Orc:2    | HP: 1/91 [orc knight/battleaxe (23)]
 16673 | Orc:1    | Demolished by an orc warrior

Vault maps used:
D:1:      ldierk_walled_garden_2
D:2:      xom_teletrap_fun, lemuel_doored_altar
D:4:      dancing_weapons_uskayaw, vehumet_altar_wand_db, serial_shops, shop,
          tso_metal_star
D:5:      nicolae_ru_the_path_less_chosen, minmay_temple_entry_poolview,
          first_ration, portal_sewer_entry_b, fountainhead
D:6:      uniq_eustachio
D:7:      gammafunk_temple_overflow_elements
D:8:      kennysheep_mini, nemelex_xobeh_ov_fountains_minmay, the_bakery,
          minmay_orc_keep, uniq_grum
D:9:      tgw_trog, david_orc_1_choice, basic_altar, serial_shops,
          nicolae_shop_behind_doors
D:10:     uniq_urug
D:11:     minmay_lair_entry_grove, kennysheep_generic_room_13
Temple:   minmay_temple_bridge_abc
Orc:1:    enter_bailey_2, basic_altar, serial_shops, shop, nicolae_orc_rockfall
Orc:2:    st_orc_town, serial_shops, shop
Sewer:    sewer_co_15_rooms
Bailey:   bailey_axe_2, bailey

Skill      XL: |  1  2  3  4  5  6  7  8  9 10 11 |
---------------+----------------------------------+-----
Conjurations   | 1 2 3 4 7 9 11 | 11.5
Dodging        | 2 3 4 5 6 7 |  7.0
Fighting       | 1 2 3 4 7 |  7.0
Spellcasting   | 7 9 11 | 11.5
Stealth        | |  1.5
Summonings     | |  0.7
Translocations | |  0.7

Action                   |  1- 3 |  4- 6 |  7- 9 | 10-12 || total
-------------------------+-------+-------+-------+-------++-------
Melee: Unarmed           |    19 |     3 |       |       ||    22
       Rapier            |       |     9 |       |       ||     9
       Spear             |       |       |   220 |   528 ||   748
 Fire: Hunting sling     |       |   109 |   258 |       ||   367
 Cast: Magic Dart        |   102 |    31 |       |       ||   133
       Call Imp          |     6 |     7 |       |     2 ||    15
       Mephitic Cloud    |       |     4 |    22 |    23 ||    49
       Conjure Flame     |       |     1 |     5 |    47 ||    53
       Blink             |       |       |     2 |     1 ||     3
       Dazzling Spray    |       |       |     4 |    37 ||    41
       Summon Lightning  |       |       |       |     1 ||     1
Invok: Potion Petition   |       |       |       |     1 ||     1
Evoke: Wand              |       |     5 |       |     8 ||    13
  Use: Scroll            |       |     8 |     2 |    10 ||    20
 Stab: Confused          |       |       |     4 |    10 ||    14
       Sleeping          |       |       |     3 |     1 ||     4
       Distracted        |       |       |     1 |     2 ||     3
       Invisible         |       |       |       |     1 ||     1
       Paralysed         |       |       |       |     1 ||     1
Armor: Robe              |    14 |    18 |     1 |       ||    33
       Leather armour    |       |       |    90 |   135 ||   225
Dodge: Dodged            |    42 |    81 |   254 |   367 ||   744

Table legend:
 A = Spawn XP
 B = Non-spawn XP
 C = Spawn XP percentage of total XP
 D = Spawn monster count
 E = Non-spawn monster count
 F = Spawn count percentage of total count
 G = Total turns spent on level
                    A         B        C        D         E        F      G
               +---------+---------+-------+---------+---------+-------+---------
         Total |       0 |   22475 |   0.0 |       0 |     348 |   0.0 | 16673
               +---------+---------+-------+---------+---------+-------+---------
           D:1 |       0 |      55 |   0.0 |       0 |      30 |   0.0 |  1668
           D:2 |       0 |      41 |   0.0 |       0 |      12 |   0.0 |   632
           D:3 |       0 |      75 |   0.0 |       0 |      17 |   0.0 |  1928
           D:4 |       0 |     528 |   0.0 |       0 |      26 |   0.0 |  1513
           D:5 |       0 |     920 |   0.0 |       0 |      25 |   0.0 |  1268
           D:6 |       0 |     290 |   0.0 |       0 |       6 |   0.0 |  1306
           D:7 |       0 |     574 |   0.0 |       0 |       7 |   0.0 |   798
           D:8 |       0 |    2186 |   0.0 |       0 |      42 |   0.0 |  1453
           D:9 |       0 |    2987 |   0.0 |       0 |      33 |   0.0 |  1438
          D:10 |       0 |    8617 |   0.0 |       0 |      37 |   0.0 |  2129
          D:11 |       0 |    1512 |   0.0 |       0 |      12 |   0.0 |   165
         Orc:1 |       0 |    3048 |   0.0 |       0 |      40 |   0.0 |   959
         Orc:2 |       0 |     886 |   0.0 |       0 |      10 |   0.0 |   428
         Sewer |       0 |     404 |   0.0 |       0 |      17 |   0.0 |   324
        Bailey |       0 |     352 |   0.0 |       0 |      34 |   0.0 |   611
               +---------+---------+-------+---------+---------+-------+---------
